Map: Ascension to Aiur LE

Players

PiG

  • Race: Terran Terran
  • League: Grandmaster
  • Spawn Location: 5:00

Erik - Winner!

  • Race: Zerg Zerg
  • League: Grandmaster
  • Spawn Location: 11:00

VOD

https://www.youtube.com/watch?v=LTxucRuNOMc

Description

Time

  • Played on: June 6, 2017, 5:55 p.m.
  • Length: 19:13
Show
View Real Time Build Order
Export as new Build Order

PiG Terran 

Build Orders: Reaper Expand, MMM Bio 

Get SALT Encoding   

  12  0:01  SCV  
  13  0:13  SCV  
  14  0:18  Supply Depot  
  14  0:25  SCV  
  15  0:40  SCV  
  15  0:41  Barracks  
  16  0:45  Refinery  
  16  0:52  SCV  
  18  1:04  SCV  
  18  1:16  SCV  
  19  1:28  Orbital Command  
  19  1:29  Reaper  
  20  1:41  Command Center  
  20  1:55  SCV  
  20  1:58  Supply Depot  
  21  2:01  Marine  
  21  2:06  Factory  
  22  2:13  SCV  
  23  2:26  Barracks Reactor  
  23  2:28  SCV  
  24  2:40  SCV  
  24  2:53  SCV  
  25  2:59  Command Center  
  25  3:03  Orbital Command  
  25  3:05  SCV  
  26  3:09  Hellion  
  26  3:11  Hellion  
  30  3:17  Barracks Tech Lab  
  30  3:18  SCV  
  31  3:30  SCV x2, Hellion  
  31  3:32  Hellion  
  37  3:38  Stimpack  
  37  3:39  Marine  
  37  3:42  SCV  
  38  3:52  Barracks  
  38  3:58  Barracks  
  38  3:59  SCV  
  38  4:00  SCV  
  40  4:05  Factory Reactor  
  40  4:09  Refinery  
  40  4:11  Refinery, SCV  
  40  4:12  SCV, Marine  
  43  4:18  Engineering Bay x2  
  43  4:23  SCV  
  44  4:25  SCV  
  44  4:27  Orbital Command  
  45  4:32  Marine  
  45  4:35  SCV  
  47  4:38  SCV  
  48  4:45  Barracks Reactor  
  48  4:46  Starport, Marine x2  
  48  4:47  SCV  
  48  4:50  Marine  
  48  4:51  Terran Infantry Weapons Level 1, SCV  
  53  4:58  Terran Infantry Armor Level 1  
  53  5:00  SCV  
  53  5:04  SCV x2, Marine x2  
  58  5:12  SCV  
  59  5:16  SCV x2  
  59  5:20  Supply Depot  
  59  5:21  Supply Depot  
  61  5:28  Factory Reactor  
  61  5:29  Orbital Command  
  61  5:41  Marine  
  61  5:42  Medivac x2, SCV x2  
  68  5:47  Marine x3  
  68  5:48  Supply Depot  
  68  5:49  Supply Depot  
  71  5:53  Marine  
  71  5:54  SCV x2  
  71  5:56  SCV, Armory  
  75  5:59  Marine  
  75  6:01  Refinery  
  76  6:05  Marine  
  76  6:07  Combat Shields  
  76  6:09  SCV x3, Marine  
  81  6:11  Marine  
  81  6:12  Medivac  
  81  6:13  Marine  
  81  6:16  Supply Depot  
  85  6:21  SCV x2  
  85  6:24  SCV  
  88  6:26  Bunker, Marine x2  
  88  6:27  Marine  
  88  6:29  Marine  
  88  6:31  Marine  
  93  6:37  Widow Mine x2  
  93  6:38  Medivac, SCV x2  
  101  6:40  Supply Depot  
  101  6:44  Barracks x2  
  101  6:58  SCV  
  101  7:01  SCV x2, Marine x3  
  101  7:05  Marauder  
  101  7:07  Terran Infantry Armor Level 2, Terran Infantry Weapons Level 2  
  101  7:08  Marine  
  109  7:24  SCV  
  109  7:31  Supply Depot  
  109  7:33  Supply Depot x2  
  109  7:34  Barracks Reactor x2, Supply Depot  
  109  7:35  Supply Depot  
  109  7:42  Marine x3  
  109  7:43  SCV x2, Marine  
  109  7:44  Medivac, SCV  
  109  7:45  Widow Mine  
  109  7:46  Marauder, Widow Mine  
  108  7:52  Medivac  
  108  7:55  SCV  
  102  8:00  Marine x3  
  102  8:01  Marine  
  93  8:07  Marauder  
  91  8:14  Widow Mine  
  91  8:15  Widow Mine  
  91  8:16  Marine x3  
  91  8:17  Marine  
  91  8:18  Marine x3  
  91  8:19  Marine  
  102  8:25  SCV x2  
  102  8:29  Marauder, SCV  
  99  8:34  Marine x3  
  99  8:36  Marine x3  
  99  8:37  Marine  
  105  8:42  Widow Mine, Marine  
  105  8:43  Widow Mine  
  105  8:44  Medivac  
  105  8:45  SCV x3  
  110  8:50  Marauder  
  110  8:52  Marine  
  110  8:54  Marine x2  
  111  8:57  SCV x2  
  111  8:58  SCV  
  111  9:00  Marine  
  111  9:01  Marine  
  116  9:05  Marine  
  116  9:06  Marine x2  
  116  9:09  SCV x2, Marine  
  121  9:10  SCV  
  121  9:11  Marauder, Widow Mine, Supply Depot, Marine x2  
  129  9:18  Marine x2  
  129  9:21  SCV  
  129  9:22  SCV x2  
  129  9:23  Marine x2  
  129  9:24  Marine  
  137  9:28  Unknown  
  137  9:32  Marine x2  
  137  9:33  Marauder  
  137  9:34  SCV x3  
  144  9:42  Barracks x2  
  144  9:43  Barracks  
  143  9:53  Unknown  
  143  9:54  Marauder  
  143  9:56  Unknown  
  138  10:02  Marine  
  138  10:07  Missile Turret  
  139  10:08  Missile Turret, Marine x4  
  139  10:09  Marine x3  
  139  10:12  Missile Turret  
  139  10:13  Missile Turret  
  146  10:15  Marauder  
  146  10:20  Marine  
  148  10:26  Command Center, Marine x5  
  148  10:27  Marine x2  
  151  10:33  Unknown x2, Barracks Reactor x2, Barracks Tech Lab  
  144  10:37  Marauder  
  144  10:38  Marine  
  145  10:44  Marine x7  
  148  10:52  Marine  
  148  10:56  Marine  
  118  10:58  Marauder  
  118  11:02  Marine x7  
  124  11:10  Marine  
  124  11:20  Marauder  
  124  11:23  Marine x6  
  124  11:24  Marine x2  
  124  11:25  Terran Infantry Weapons Level 3, Terran Infantry Armor Level 3  
  133  11:26  Missile Turret, Marine  
  133  11:27  Missile Turret, Command Center  
  133  11:28  Marauder, Widow Mine  
  138  11:39  Marine x3  
  141  11:41  Marauder, SCV, Marine  
  141  11:42  SCV  
  144  11:49  Marauder  
  144  11:50  Marine x4  
  144  11:51  Marine x2  
  152  11:59  Planetary Fortress  
  149  12:02  Marauder, Marine x2  
  149  12:04  Marine x2  
  155  12:09  Marine x2  
  155  12:15  Missile Turret  
  157  12:17  Missile Turret  
  157  12:29  Marine x2  
  158  12:32  SCV x3  
  158  12:36  Supply Depot  
  160  12:37  Supply Depot  
  160  12:39  Marauder  
  161  12:48  SCV x4  
  161  12:49  Missile Turret  
  165  12:54  Widow Mine, Medivac x2  
  165  12:55  Widow Mine  
  165  12:56  Starport  
  165  12:58  Marauder, Marine  
  163  13:11  Marine x2  
  156  13:12  Marine  
  156  13:13  Marine x3  
  156  13:15  Marauder, Marine  
  156  13:19  Marauder, Marine  
  155  13:23  Widow Mine, Marine  
  149  13:27  Marine  
  143  13:37  Marauder  
  136  13:45  Marine  
  136  13:46  Marauder  
  107  13:48  Marine  
  107  13:49  Marine  
  91  13:58  Marauder  
  91  14:02  Hi-Sec Auto Tracking  
  90  14:04  Marine  
  91  14:12  Marine  
  88  14:24  Marine x2  
  88  14:25  Marine x2  
  89  14:35  Marine x2  
  91  14:43  Marine  
  91  14:44  Marine  
  85  14:49  Marine x2  
  87  14:55  Orbital Command  
  85  15:05  Marine x5  
  85  15:06  Marine x2  
  92  15:07  Marine  
  92  15:09  Marine  
  92  15:12  Marine  
  95  15:19  Unknown x3  
  94  15:23  Unknown, Marine x3  
  94  15:26  Marine x2  
  96  15:30  Marine  
  96  15:31  Marine x3  
  100  15:36  Marine  
  100  15:37  Marine  
  95  15:50  Marine x3  
  95  15:53  Marine x2  
  95  15:54  Marine  
  95  15:58  Marine x2  
  79  16:04  Marine x2  
  79  16:05  Marine  
  79  16:06  Marine  
  76  16:23  Marine x2  
  73  16:28  Marine x4  
  77  16:40  Orbital Command  
  68  17:02  Marine  
  68  17:03  Marine x3  
  68  17:06  Marine x2  
  67  17:16  Marine  
  67  17:18  Marine x2  
  67  17:20  Medivac x2, Marine x2  
  76  17:23  Marine x2  
  76  17:46  Marine x3  
  76  17:47  Unknown  
  76  17:48  Unknown x3  
  79  17:55  Marine  
  79  17:58  Marine  
  81  18:02  Liberator x2  
  81  18:08  Orbital Command  
  81  18:09  Marauder, Marine x2  
  81  18:10  Marine  
  76  18:13  Marine x2  
  76  18:15  Orbital Command  
  87  18:31  Marauder  
  66  18:43  Marine  
  67  18:52  Marauder  
  67  18:55  Marine  
Show
View Real Time Build Order
Export as new Build Order

Erik Zerg - Winner!

Build Orders: Pool First, Muta Ling Bane 

Get SALT Encoding   

  12  0:01  Drone  
  13  0:12  Overlord  
  13  0:17  Drone  
  14  0:30  Drone  
  14  0:31  Drone  
  14  0:35  Drone  
  17  0:45  Spawning Pool  
  17  0:48  Drone  
  17  0:50  Extractor  
  17  0:56  Drone  
  17  1:14  Hatchery  
  17  1:17  Drone  
  17  1:22  Drone  
  18  1:32  Zergling x2  
  19  1:36  Queen  
  21  1:43  Overlord  
  21  1:50  Drone  
  22  1:57  Metabolic Boost  
  22  2:02  Drone  
  23  2:11  Drone  
  23  2:12  Queen  
  26  2:21  Drone  
  27  2:30  Drone  
  27  2:34  Drone  
  29  2:39  Drone  
  29  2:41  Pneumatized Carapace  
  30  2:48  Drone x2  
  30  2:49  Drone x2  
  30  2:50  Drone  
  34  3:03  Hatchery  
  34  3:04  Zergling x2  
  34  3:07  Zergling x2  
  34  3:12  Overlord  
  35  3:15  Overlord  
  35  3:32  Drone x7  
  35  3:34  Drone  
  43  3:46  Drone x2  
  45  3:51  Extractor  
  45  3:54  Drone, Queen  
  45  3:55  Queen  
  47  3:57  Overlord  
  47  3:59  Drone x3  
  52  4:03  Overlord  
  52  4:13  Extractor  
  52  4:15  Queen  
  53  4:17  Zergling x4  
  53  4:18  Extractor  
  53  4:19  Drone x3  
  53  4:20  Drone  
  53  4:21  Drone  
  53  4:23  Drone  
  60  4:24  Drone  
  60  4:25  Drone  
  62  4:40  Evolution Chamber  
  62  4:43  Evolution Chamber  
  60  4:45  Drone, Baneling Nest  
  60  4:46  Drone, Lair  
  60  4:48  Drone x4  
  65  4:53  Overlord  
  65  4:58  Drone x3  
  68  5:04  Drone x5  
  73  5:10  Drone x2  
  73  5:11  Drone  
  73  5:12  Drone  
  76  5:17  Zerg Melee Weapons Level 1  
  76  5:18  Zerg Ground Armor Level 1  
  76  5:21  Overlord  
  76  5:24  Overlord  
  76  5:26  Overlord  
  76  5:28  Drone x2  
  78  5:46  Centrifical Hooks  
  78  5:51  Hatchery, Spire  
  78  5:52  Extractor x2  
  78  5:53  Drone  
  78  5:54  Spore Crawler  
  78  5:56  Drone  
  78  5:57  Spore Crawler  
  74  5:58  Drone x2  
  74  5:59  Drone x4  
  74  6:00  Zergling x2, Spore Crawler  
  74  6:01  Zergling x2  
  81  6:06  Baneling  
  81  6:07  Baneling x4  
  81  6:08  Zergling x4  
  81  6:09  Zergling x4  
  81  6:10  Zergling x2  
  86  6:26  Overlord  
  86  6:33  Zergling x2  
  86  6:34  Zergling x20  
  97  6:41  Hatchery  
  95  7:11  Queen  
  95  7:12  Drone x15  
  95  7:14  Zerg Melee Weapons Level 2, Zerg Ground Armor Level 2  
  112  7:17  Zerg Flyer Weapons Level 1  
  112  7:18  Overlord  
  112  7:19  Overseer  
  112  7:21  Queen  
  112  7:22  Baneling  
  114  7:23  Baneling x9  
  114  7:27  Overlord  
  114  7:31  Zergling x2  
  114  7:32  Zergling x6  
  118  7:37  Spore Crawler  
  113  7:51  Zergling x24  
  114  8:03  Zergling x14  
  118  8:07  Baneling x3  
  108  8:21  Zergling x24  
  110  8:38  Baneling  
  110  8:39  Baneling  
  103  8:42  Queen  
  103  8:43  Mutalisk  
  103  8:44  Mutalisk x12  
  119  8:57  Mutalisk x2  
  119  8:58  Mutalisk x4  
  130  9:04  Queen  
  132  9:11  Overseer, Overlord  
  132  9:13  Zergling x2  
  132  9:14  Zergling x14  
  140  9:19  Hatchery  
  140  9:20  Zergling x4  
  141  9:25  Overlord  
  141  9:32  Baneling x8  
  141  9:33  Baneling x10  
  141  9:35  Zergling x18  
  139  10:05  Zergling x26  
  139  10:06  Zergling x6  
  155  10:18  Zergling x2  
  155  10:19  Zergling x4  
  157  10:23  Overlord x4  
  149  10:29  Baneling  
  149  10:30  Baneling x12  
  147  10:37  Overlord  
  127  11:00  Zergling x2  
  127  11:01  Zergling x34  
  142  11:10  Infestation Pit  
  142  11:11  Mutalisk, Zerg Flyer Armor Level 1  
  141  11:12  Mutalisk x7  
  157  11:23  Mutalisk x3  
  157  11:25  Hatchery  
  160  11:26  Zergling x2  
  160  11:27  Zergling x4  
  160  11:30  Extractor  
  160  11:32  Extractor  
  161  11:45  Zergling x8  
  161  11:46  Zergling x16  
  173  11:51  Baneling x6  
  163  12:09  Zergling x22  
  163  12:10  Zergling x8  
  178  12:20  Zergling x8  
  178  12:21  Zergling x2  
  183  12:24  Hive  
  178  12:45  Zergling x24  
  178  12:46  Zergling x12  
  178  12:49  Overlord x3  
  196  12:51  Baneling  
  196  12:52  Baneling x5  
  196  13:03  Burrow  
  191  13:10  Zergling x18  
  191  13:11  Zergling x26  
  184  13:22  Baneling  
  184  13:23  Baneling x24  
  173  13:36  Zergling x2  
  173  13:37  Zergling x32  
  135  14:06  Zergling x6  
  135  14:07  Zergling x26  
  144  14:21  Drone  
  144  14:22  Drone x5  
  144  14:28  Drone  
  143  14:32  Ultralisk Cavern  
  131  14:47  Hatchery  
  128  14:57  Pathogen Glands  
  128  15:05  Adrenal Glands  
  128  15:08  Baneling  
  128  15:09  Baneling x14  
  128  15:30  Ultralisk x2  
  140  15:38  Drone x5  
  117  16:06  Ultralisk  
  93  16:29  Ultralisk  
  93  16:30  Ultralisk  
  97  16:35  Infestor  
  79  17:08  Mutalisk  
  79  17:09  Mutalisk x5  
  79  17:15  Mutalisk  
  91  17:18  Infestor  
  95  17:28  Ultralisk Cavern  
  90  17:34  Mutalisk x5  
  89  18:16  Zergling x2  
  89  18:17  Zergling x24  
Tags
 
Add a new tag
Caveats
  • Supply blocks, unpowered buildings, or Contaminate may cause inaccurate times.
  • Supply counts are checked every 10 seconds.